 Dungeon Crawl Stone Soup version 0.24.0-41-g2ae2f7f1be (webtiles) character file.

Game seed: 2328838131891736734, levelgen mode: deterministic

224 holsgrj2 the Chopper (level 5, -1/70 HPs)
             Began as a Minotaur Berserker on Dec 13, 2019.
             Was a Priest of Trog.
             Slain by an ice beast (10 damage)
             ... on level 6 of the Dungeon.
             The game lasted 00:15:37 (3278 turns).

holsgrj2 the Chopper (Minotaur Berserker)           Turns: 3278, Time: 00:15:38

Health: -1/70      AC:  2    Str: 28    XL:     5   Next: 67%
Magic:  4/4        EV: 13    Int:  4    God:    Trog [***...]
Gold:   170        SH:  0    Dex:  9    Spells: 4/4 levels left

rFire    . . .     SeeInvis .   a - +0 hand axe
rCold    . . .     Gourm    .   (no shield)
rNeg     . . .     Faith    .   b - +0 animal skin
rPois    .         Spirit   .   (helmet restricted)
rElec    .         Reflect  .   (no cloak)
rCorr    .         Harm     .   (no gloves)
MR       .....                  (no boots)
Stlth    ..........             (no amulet)
HPRegen  0.21/turn              (no ring)
MPRegen  0.09/turn              (no ring)

@: berserking, lethally poisoned (-1 -> -2), very quick
A: retaliatory headbutt, horns 2
a: Berserk, Trog's Hand, Renounce Religion


You were on level 6 of the Dungeon.
You worshipped Trog.
Trog was most pleased with you.
You were not hungry.

You visited 1 branch of the dungeon, and saw 5 of its levels.

You collected 170 gold pieces.

Inventory:

Hand Weapons
 a - a +0 hand axe (weapon)
Missiles
 d - 29 poisoned darts (quivered)
 k - 2 javelins
 t - 6 boomerangs
Armour
 b - a +0 animal skin (worn)
Jewellery
 l - an uncursed amulet of faith {unknown}
 u - an uncursed ring of flight {unknown}
 x - an uncursed ring of see invisible
Wands
 v - a wand of polymorph (9)
Scrolls
 g - a scroll of teleportation {unknown}
 j - a scroll of remove curse {unknown}
 n - 2 scrolls of fear {unknown}
 q - a scroll of enchant armour {unknown}
 r - 2 scrolls of identify {unknown}
 y - a scroll of random uselessness {unknown}
Potions
 e - 2 potions of lignification {unknown}
 f - a potion of invisibility {unknown}
 h - 3 potions of heal wounds {unknown}
 i - 2 potions of might {unknown}
 m - a potion of ambrosia {unknown}
 o - a potion of degeneration {unknown}
 s - a potion of cancellation {unknown}
 w - a potion of berserk rage {unknown}
Comestibles
 c - 6 rations


   Skills:
 + Level 4.6 Fighting
 + Level 4.9 Axes
 + Level 3.1 Throwing
 + Level 2.6 Armour
 + Level 3.1 Dodging
 + Level 0.8 Stealth


You had 4 spell levels left.
You didn't know any spells.
Your spell library was empty.

Dungeon Overview and Level Annotations

Branches:
Dungeon (4/15)
 Temple: D:4-7

Altars:
Elyvilon


Innate Abilities, Weirdness & Mutations

You reflexively headbutt those who attack you in melee.
You have a pair of horns on your head.


Message History

The ice beast hits you. The ice beast freezes you!
You hit the ice beast but do no damage.
The ice beast is severely wounded.
The ice beast hits you. The ice beast freezes you!
A red film seems to cover your vision as you go berserk!
You feel yourself moving faster!
You feel mighty!
You feel a lot more hungry.
You feel sick.
The orc wizard mumbles some strange words.
The orc wizard blinks!
The ice beast hits you.
* * * LOW HITPOINT WARNING * * *
The ice beast freezes you!
* * * LOW HITPOINT WARNING * * *
You hit the ice beast but do no damage.
The ice beast is severely wounded.
You hit the ice beast.
The ice beast is almost dead.
The ice beast hits you.
* * * LOW HITPOINT WARNING * * *
The ice beast freezes you!
You die...

##.# . #.
..##. ##.
##.... #..
##..... #(.
#######.#.#..
#..
.............
#..
######.#.#.#
#(.#######
##....#
#(§Y@)...#
##.#.#
....o..#####.#
#.... #####.#
#.# ###.# #.
#.##########.#
.
#............#
##
##############


You could see an ice beast and an orc wizard.

Vanquished Creatures
  A hound (D:4)
  A bullfrog skeleton (D:6)
  An orc wizard (D:6)
  6 adders
  2 oozes
  5 worms
  2 dart slugs
  A leopard gecko (D:2)
  An orc (D:3)
  A giant cockroach (D:1)
  9 goblins
  7 hobgoblins
  A quokka (D:3)
  7 bats
  5 frilled lizards
  8 kobolds
  A quokka zombie (D:6)
  7 rats
66 creatures vanquished.

Notes
Turn   | Place    | Note
-------+----------+-------------------------------------------
     0 | D:1      | holsgrj2 the Minotaur Berserker began the quest for the
                  | Orb.
     0 | D:1      | Reached XP level 1. HP: 19/19 MP: 0/0
     0 | D:1      | Noticed a tentacled monstrosity
     0 | D:1      | Noticed an orb of fire
     1 | D:1      | Noticed a shadow dragon
     3 | D:1      | Noticed an ice dragon
     3 | D:1      | Noticed a tentacled monstrosity
     5 | D:1      | Noticed a golden dragon
     6 | D:1      | Noticed a shadow dragon
     7 | D:1      | Noticed a shadow dragon
    12 | D:1      | Noticed a shadow dragon
    12 | D:1      | Noticed an ice dragon
    13 | D:1      | Noticed a large abomination
    14 | D:1      | Noticed an ice dragon
    16 | D:1      | Noticed an orb of fire
    16 | D:1      | Noticed a large abomination
    18 | D:1      | Noticed an iron dragon
    94 | D:1      | Reached XP level 2. HP: 26/27 MP: 1/1
  1019 | D:2      | Reached ** piety under Trog
  1019 | D:2      | Reached XP level 3. HP: 27/33 MP: 2/2
  1416 | D:2      | Reached skill level 1 in Throwing
  1788 | D:2      | Reached XP level 4. HP: 25/41 MP: 3/3
  2540 | D:3      | Found a white marble altar of Elyvilon.
  2902 | D:3      | Reached *** piety under Trog
  3178 | D:4      | Reached XP level 5. HP: 47/47 MP: 4/4
  3222 | D:4      | You fall into a shaft and drop 2 floors!
  3266 | D:6      | Noticed an ice beast
  3278 | D:6      | Slain by an ice beast

Levels and vault maps discovered:
D:1:      shiori_arrival_whats_in_store_for_you, layout_loops_ring, st_stairs_14
D:2:      layout_basic, minmay_misc_feat_rugged
D:3:      layout_loops_ring, elyvilon_altar_3
D:4:      layout_basic, kennysheep_little_box, nicolae_ossuary_entry_plus,
          minmay_misc_feat_nine_boxes, grunt_decor_mini_mirrors, uniq_duvessa
D:6:      layout_loops_ring, minmay_temple_entry_statues_pillars,
          xom_redecorated

Skill      XL: |  1  2  3  4  5 |
---------------+----------------+-----
Fighting       | 4 |  4.6
Axes           | 4 |  4.9
Throwing       | 1 2 3 |  3.1
Dodging        | 3 |  3.1
Armour         | |  2.6
Stealth        | |  0.8

Action                   |  1- 3 |  4- 6 || total
-------------------------+-------+-------++-------
Melee: Hand axe          |    73 |    57 ||   130
       Headbutt          |     7 |    10 ||    17
Throw: Dart              |    41 |       ||    41
       Javelin           |     1 |    46 ||    47
Invok: Berserk           |     1 |     1 ||     2
  Eat: Chunk             |     2 |     2 ||     4
       Ration            |     1 |     1 ||     2
Armor: Animal skin       |    10 |     7 ||    17
Dodge: Dodged            |    39 |    36 ||    75
